[Event "Irish New Year Events-IM1 2020"]
[Site "Dublin"]
[Date "2020.01.05"]
[Round "7.7"]
[White "O`Donnell, Conor"]
[Black "Melaugh, Shane"]
[Result "0-1"]
[ECO "A96"]
[WhiteElo "2307"]
[BlackElo "2207"]
[Annotator "ChessBase"]
[PlyCount "128"]
[EventDate "2020.01.02"]
[EventType "tourn"]
[EventCountry "IRL"]
[SourceTitle "playchess.com"]
[Source "ChessBase"]
[SourceQuality "1"]
[TimeControl "5400+30"]

1. Nf3 d6 2. d4 f5 3. g3 Nf6 4. Bg2 e6 5. c4 Be7 6. O-O O-O 7. Nc3 Ne4 8. a4 Nxc3 9. bxc3 Nc6 10. a5 Rb8 11. d5 Ne5 12. Nd4 c5 13. dxc6 bxc6 14. f4 c5 15. fxe5 cxd4 16. exd6 Bxd6 17. cxd4 Ba6 18. c5 Be7 19. Bf4 Rb4 20. Be5 Bf6 21. Bxf6 Qxf6 22. d5 Rd4 23. Qb3 Bc4 24. Qb7 Bxd5 25. c6 Bxg2 26. Kxg2 Qe5 27. c7 Qxe2+ 28. Rf2 Qc4 29. Raa2 Rd5 30. Rae2 Rb5 31. Qa6 Rc5 32. Qxa7 Rxc7 33. Qe3 Rc6 34. Qe5 Ra8 35. Rd2 Qc5 36. Rfe2 Qxe5 37. Rxe5 Ra7 38. g4 g6 39. gxf5 gxf5 40. Rb5 Kf7 41. Rdb2 Kf6 42. Rb7 Rxb7 43. Rxb7 h5 44. Kg3 Rc3+ 45. Kh4 Ra3 46. Rb5 Kg6 47. Rb6 Ra4+ 48. Kg3 Kf6 49. a6 Ke5 50. h4 f4+ 51. Kf3 Ra3+ 52. Ke2 Kf5 53. Rb5+ e5 54. Rb6 e4 55. Rb5+ Kg4 56. Re5 Ra2+ 57. Ke1 e3 58. Re6 Kf3 59. Kd1 e2+ 60. Ke1 Ra1+ 61. Kd2 Rd1+ 62. Kc2 e1=Q 63. Rxe1 Rxe1 64. a7 Ra1 0-1

[Event "Irish New Year Events-IM1 2020"]
[Site "Dublin"]
[Date "2020.01.05"]
[Round "7.8"]
[White "Hammar, Bengt"]
[Black "Delaney, Killian"]
[Result "0-1"]
[ECO "B40"]
[WhiteElo "2175"]
[BlackElo "2278"]
[Annotator "ChessBase"]
[PlyCount "58"]
[EventDate "2020.01.02"]
[EventType "tourn"]
[EventCountry "IRL"]
[SourceTitle "playchess.com"]
[Source "ChessBase"]
[SourceQuality "1"]
[TimeControl "5400+30"]

1. e4 c5 2. Nf3 e6 3. d4 cxd4 4. Nxd4 Nf6 5. Bd3 Nc6 6. Nxc6 bxc6 7. O-O d5 8. exd5 cxd5 9. Bb5+ Bd7 10. Bxd7+ Qxd7 11. b3 Qc7 12. Bb2 Bd6 13. h3 Bh2+ 14. Kh1 Be5 15. Bxe5 Qxe5 16. Nd2 Qc3 17. Nf3 O-O 18. Re1 Rfc8 19. Rc1 Ne4 20. Kg1 Qb2 21. a4 Nc3 22. Qd2 Na2 23. Rb1 Qxc2 24. Qe3 Nc3 25. Rbc1 Qxb3 26. Nd4 Qb4 27. Nxe6 fxe6 28. Qxe6+ Kh8 29. Rc2 d4 0-1

[Event "Irish New Year Events-IM1 2020"]
[Site "Dublin"]
[Date "2020.01.05"]
[Round "7.9"]
[White "Waters, Michael"]
[Black "Baker, Chris W"]
[Result "0-1"]
[ECO "A05"]
[WhiteElo "2130"]
[BlackElo "2225"]
[Annotator "ChessBase"]
[PlyCount "88"]
[EventDate "2020.01.02"]
[EventType "tourn"]
[EventCountry "IRL"]
[SourceTitle "playchess.com"]
[Source "ChessBase"]
[SourceQuality "1"]
[TimeControl "5400+30"]

1. Nf3 Nf6 2. b3 g6 3. Bb2 Bg7 4. e4 d6 5. Bc4 c6 6. O-O b5 7. Bd3 Nbd7 8. Re1 O-O 9. a4 bxa4 10. Rxa4 Nc5 11. Ra2 Nxd3 12. cxd3 Qb6 13. d4 Be6 14. Ra3 Rfb8 15. Nc3 Bxb3 16. Qc1 Bh6 17. h3 d5 18. Ba1 Nxe4 19. Nxe4 dxe4 20. Rxe4 Bd5 21. Re1 a5 22. Ne5 Ra7 23. Nd3 Qb5 24. Nc5 Bg7 25. Kh2 h5 26. Kg1 Qb6 27. Bc3 Qc7 28. Qa1 Qf4 29. f3 Rb5 30. Nd3 Qg5 31. Kh1 Qg3 32. Re3 Rab7 33. Qg1 Rb1 34. Ne1 Bh6 35. Re2 Bf4 36. Bxa5 Rd1 37. d3 Rbb1 38. Bc3 Rxd3 39. Ra1 Rxa1 40. Bxa1 Rd1 41. Bc3 e6 42. Rb2 Kg7 43. Rc2 g5 44. Re2 g4 0-1

[Event "Irish New Year Events-IM1 2020"]
[Site "Dublin"]
[Date "2020.01.06"]
[Round "8.6"]
[White "Mannion, Stephen R"]
[Black "Venkatesan, Kavin"]
[Result "1/2-1/2"]
[ECO "B93"]
[WhiteElo "2283"]
[BlackElo "1815"]
[Annotator "ChessBase"]
[PlyCount "92"]
[EventDate "2020.01.02"]
[EventType "tourn"]
[EventCountry "IRL"]
[SourceTitle "playchess.com"]
[Source "ChessBase"]
[SourceQuality "1"]
[TimeControl "40/5400+30:1800+30"]

1. e4 c5 2. Nf3 d6 3. d4 cxd4 4. Nxd4 Nf6 5. Nc3 a6 6. f4 e5 7. Nf3 Nbd7 8. Bd3 Be7 9. O-O O-O 10. Kh1 b5 11. a3 Bb7 12. Qe1 Qc7 13. Nh4 g6 14. f5 Nc5 15. Bh6 Rfd8 16. fxg6 fxg6 17. Qf2 Nxd3 18. cxd3 d5 19. Rac1 Qd7 20. d4 Qe6 21. exd5 Bxd5 22. Nxd5 Rxd5 23. dxe5 Ng4 24. Qf4 Nxh6 25. Qxh6 Bxh4 26. Qxh4 Rxe5 27. Rc7 Rh5 28. Qe7 Qxe7 29. Rxe7 Rf8 30. Rxf8+ Kxf8 31. Ra7 Rc5 32. h3 Rc2 33. b4 Rc6 34. Rxh7 Rc3 35. Ra7 Rxa3 36. Kh2 Ra4 37. Kg3 Rxb4 38. Rxa6 Kg7 39. Rb6 Kh6 40. Rb8 Kg7 41. Rb6 Kh6 42. Rb7 Kg5 43. h4+ Kf6 44. Kh3 Rb3+ 45. Kg4 Rb4+ 46. Kh3 Rb3+ 1/2-1/2

[Event "Irish New Year Events-IM1 2020"]
[Site "Dublin"]
[Date "2020.01.06"]
[Round "8.7"]
[White "Baker, Chris W"]
[Black "Ahlander, Bjorn"]
[Result "1/2-1/2"]
[ECO "A46"]
[WhiteElo "2225"]
[BlackElo "2418"]
[Annotator "RC"]
[PlyCount "143"]
[EventDate "2020.01.02"]
[EventType "tourn"]
[EventCountry "IRL"]
[SourceTitle "playchess.com"]
[Source "ChessBase"]
[SourceQuality "1"]
[TimeControl "40/5400+30:1800+30"]

1. d4 Nf6 2. Nf3 e6 3. Bf4 c5 4. c3 Nc6 5. e3 Nh5 6. Bg5 Qb6 7. Qb3 h6 8. Qxb6 axb6 9. Bh4 g5 10. Bg3 Nxg3 11. hxg3 Bg7 12. Na3 d5 13. Bb5 Ke7 14. Kd2 Bd7 15. Rh5 Ra5 16. Bxc6 bxc6 17. Nc2 Rha8 18. a3 c4 19. Re1 Be8 20. Rhh1 f6 21. Kc1 Bg6 22. g4 Kd6 23. Nd2 R5a7 24. f3 Re7 25. Nf1 Rae8 26. Ng3 Rf7 27. e4 Kd7 28. Ne3 Bf8 29. Kd2 Bd6 30. Nh5 b5 31. Nxf6+ Rxf6 32. e5 Rf7 33. Rxh6 Bxe5 34. dxe5 Bd3 35. Reh1 c5 36. Rh8 d4 37. cxd4 cxd4 38. Nc2 Rxh8 39. Rxh8 Bxc2 40. Kxc2 Kc6 41. Rc8+ Kd5 42. Rd8+ Kxe5 43. Rb8 Rh7 44. Rxb5+ Kf4 45. Rc5 Rh2 46. Rxc4 Ke3 47. Kb3 Rxg2 48. Rc6 e5 49. Re6 Kxf3 50. Rxe5 Rxg4 51. a4 d3 52. Kc3 Rxa4 53. Rxg5 Ra2 54. Rd5 Ke4 55. Rd4+ Ke5 56. Rxd3 Ra8 57. Rd7 Rc8+ 58. Kb3 Rb8+ 59. Kc2 Rc8+ 60. Kb1 Rb8 61. Rd3 Ke4 62. Rc3 Kd4 63. Kc2 Rb4 64. b3 Rb5 65. Rc4+ Kd5 66. Kb2 Rc5 67. Rb4 Kc6 68. Rb8 Kc7 69. Rh8 Kb6 70. b4 Rg5 71. Kb3 Rg1 72. Rh6+ 1/2-1/2

[Event "Irish New Year Events-IM1 2020"]
[Site "Dublin"]
[Date "2020.01.06"]
[Round "8.8"]
[White "Delaney, Killian"]
[Black "Waters, Michael"]
[Result "1-0"]
[ECO "A14"]
[WhiteElo "2278"]
[BlackElo "2130"]
[Annotator "ChessBase"]
[PlyCount "83"]
[EventDate "2020.01.02"]
[EventType "tourn"]
[EventCountry "IRL"]
[SourceTitle "playchess.com"]
[Source "ChessBase"]
[SourceQuality "1"]
[TimeControl "40/5400+30:1800+30"]

1. Nf3 d5 2. c4 e6 3. g3 Nf6 4. Bg2 c5 5. O-O Nc6 6. b3 Be7 7. e3 d4 8. exd4 Nxd4 9. Nxd4 Qxd4 10. Nc3 O-O 11. Bb2 Rd8 12. Nd5 Qxb2 13. Nxe7+ Kf8 14. Nxc8 Raxc8 15. Bxb7 Rb8 16. Bg2 Rxd2 17. Qf3 Rbd8 18. Rad1 Rxd1 19. Rxd1 Rxd1+ 20. Qxd1 Ke7 21. a4 Qc3 22. Bc6 g6 23. Kg2 e5 24. h3 h6 25. Bb7 g5 26. Bc6 e4 27. Qe2 Qxb3 28. Bxe4 Kf8 29. Bf3 Qb6 30. Qe5 a5 31. g4 Nd7 32. Qf5 Ke7 33. Bd5 Qf6 34. Qb1 Qd6 35. Qe1+ Qe5 36. Qxa5 f5 37. gxf5 Qxf5 38. Qc7 Kf8 39. a5 g4 40. Qd8+ Kg7 41. Qg8+ Kf6 42. Qf7+ 1-0

[Event "Irish New Year Events-IM1 2020"]
[Site "Dublin"]
[Date "2020.01.06"]
[Round "8.9"]
[White "Melaugh, Shane"]
[Black "Hammar, Bengt"]
[Result "1-0"]
[ECO "E92"]
[WhiteElo "2207"]
[BlackElo "2175"]
[Annotator "ChessBase"]
[PlyCount "75"]
[EventDate "2020.01.02"]
[EventType "tourn"]
[EventCountry "IRL"]
[SourceTitle "playchess.com"]
[Source "ChessBase"]
[SourceQuality "1"]
[TimeControl "40/5400+30:1800+30"]

1. c4 e5 2. Nc3 Nf6 3. Nf3 Nc6 4. e4 g6 5. d4 exd4 6. Nxd4 d6 7. Be2 Bg7 8. Be3 O-O 9. f3 Re8 10. Qd2 Be6 11. O-O-O a6 12. Nxe6 Rxe6 13. g4 Re8 14. Bh6 Ne5 15. Bxg7 Kxg7 16. g5 Ng8 17. f4 Nd7 18. h4 Nc5 19. Qd4+ Kf8 20. f5 Qe7 21. Qh8 f6 22. gxf6 Qxf6 23. Qxh7 gxf5 24. Nd5 Qh6+ 25. Qxh6+ Nxh6 26. Nxc7 Nxe4 27. Nxa8 Rxa8 28. Rhf1 Ke7 29. Bd3 Rc8 30. Kb1 Ke6 31. Bxe4 fxe4 32. Rd4 Ke5 33. Rd5+ Ke6 34. Rh5 Nf7 35. b3 b5 36. Re1 bxc4 37. Rxe4+ Ne5 38. bxc4 1-0

[Event "Irish New Year Events-IM1 2020"]
[Site "Dublin"]
[Date "2020.01.06"]
[Round "9.7"]
[White "Hammar, Bengt"]
[Black "Kanyamarala, Tarun"]
[Result "0-1"]
[ECO "B15"]
[WhiteElo "2175"]
[BlackElo "2320"]
[Annotator "ChessBase"]
[PlyCount "54"]
[EventDate "2020.01.02"]
[EventType "tourn"]
[EventCountry "IRL"]
[SourceTitle "playchess.com"]
[Source "ChessBase"]
[SourceQuality "1"]
[TimeControl "40/5400+30:1800+30"]

1. e4 c6 2. d4 d5 3. Nc3 dxe4 4. Nxe4 Nf6 5. Nxf6+ exf6 6. c3 Bd6 7. Bd3 O-O 8. Qc2 Re8+ 9. Ne2 h5 10. Be3 Nd7 11. O-O-O Nf8 12. Kb1 Be6 13. Nf4 Bxf4 14. Bxf4 b5 15. Rhe1 a5 16. Re2 Qd5 17. b3 a4 18. c4 axb3 19. axb3 bxc4 20. bxc4 Qxg2 21. Be4 Qg4 22. Bc7 Bxc4 23. Re3 Ba2+ 24. Kc1 Bd5 25. f3 Qd7 26. Bf4 Ra1+ 27. Kd2 Ra2 0-1

[Event "Irish New Year Events-IM1 2020"]
[Site "Dublin"]
[Date "2020.01.06"]
[Round "9.8"]
[White "Waters, Michael"]
[Black "Melaugh, Shane"]
[Result "0-1"]
[ECO "A04"]
[WhiteElo "2130"]
[BlackElo "2207"]
[Annotator "ChessBase"]
[PlyCount "182"]
[EventDate "2020.01.02"]
[EventType "tourn"]
[EventCountry "IRL"]
[SourceTitle "playchess.com"]
[Source "ChessBase"]
[SourceQuality "1"]
[TimeControl "40/5400+30:1800+30"]

1. Nf3 e6 2. b3 f5 3. Bb2 Nf6 4. d4 Be7 5. e3 O-O 6. Bd3 b6 7. Nbd2 Bb7 8. Qe2 Ne4 9. Bxe4 fxe4 10. Ne5 d6 11. Nec4 d5 12. Ne5 Nc6 13. f4 Nxe5 14. dxe5 c5 15. O-O Qe8 16. Qg4 Rf5 17. Rae1 h5 18. Qh3 Qg6 19. Kh1 Kf7 20. Rg1 Qg4 21. Qxg4 hxg4 22. g3 Rd8 23. h4 b5 24. Kh2 Rh5 25. Re2 g5 26. fxg5 Bxg5 27. Kg2 Bh6 28. Rf1+ Ke7 29. Rf6 d4 30. Nf1 Bg7 31. exd4 cxd4 32. Ba3+ Kd7 33. Rf7+ Kc8 34. Rxg7 e3+ 35. Rxb7 Kxb7 36. Bd6 b4 37. Nh2 Rg8 38. Kf1 Kc6 39. Ke1 a5 40. Be7 Rxe5 41. Bg5 Re4 42. Bf4 Kd5 43. Nf1 Rc8 44. Kd1 Rf8 45. Nh2 a4 46. bxa4 e5 47. Bg5 Ra8 48. Kc1 Rxa4 49. Kb2 Ra7 50. Nf1 Rf7 51. Re1 Rf5 52. Kb3 Rf3 53. Kb2 Kc4 54. Bh6 Rf2 55. Bg5 Rf3 56. Bh6 Kd5 57. Bg5 Ke6 58. Bh6 Kf5 59. Bg5 Kg6 60. Be7 e2 61. Nd2 Ree3 62. Bxb4 Rxg3 63. a4 Rh3 64. Be7 Kf5 65. a5 Ke6 66. Bg5 Ra3 67. Rxe2 Rxa5 68. Rg2 Rb5+ 69. Ka2 Rc3 70. Ne4 Rc7 71. Bc1 Rc6 72. Ba3 Kd5 73. Nc5 Ra5 74. Nb3 Ra7 75. Kb2 Rg7 76. h5 Rg5 77. Bf8 Rg8 78. Bb4 Rh6 79. Be1 Rxh5 80. Bg3 Rh3 81. Kc1 e4 82. Kd1 e3 83. Rg1 Ke4 84. Ke2 Rc8 85. Kd1 Rc3 86. Be1 e2+ 87. Kc1 Rc8 88. Rxg4+ Kf5 89. Rxd4 Rxb3 90. Kd2 Rb1 91. Rd7 Rd1+ 0-1

[Event "Irish New Year Events-IM1 2020"]
[Site "Dublin"]
[Date "2020.01.06"]
[Round "9.9"]
[White "Ahlander, Bjorn"]
[Black "Delaney, Killian"]
[Result "1/2-1/2"]
[ECO "D07"]
[WhiteElo "2418"]
[BlackElo "2278"]
[Annotator "RC"]
[PlyCount "122"]
[EventDate "2020.01.02"]
[EventType "tourn"]
[EventCountry "IRL"]
[SourceTitle "playchess.com"]
[Source "ChessBase"]
[SourceQuality "1"]
[TimeControl "40/5400+30:1800+30"]

1. d4 d5 2. c4 Nc6 3. Nc3 Nf6 4. Nf3 dxc4 5. d5 Na5 6. Qa4+ c6 7. b4 b5 8. Qxa5 Qxa5 9. bxa5 b4 10. e4 bxc3 11. Bxc4 Nxe4 12. O-O Nd6 13. Bb3 cxd5 14. Bxd5 Bb7 15. Bxb7 Nxb7 16. Be3 e6 17. Rfc1 Ba3 18. Rc2 Bb2 19. Rb1 O-O 20. Bc1 Nxa5 21. Bxb2 cxb2 22. Rbxb2 Rfc8 23. g3 h6 24. Ne5 f6 25. Nd3 e5 26. h4 Rxc2 27. Rxc2 Rd8 28. Rc3 Rd4 29. Nb2 Rd2 30. Ra3 Nc6 31. Nc4 Rd5 32. Ra6 Rc5 33. Nd6 h5 34. Kg2 Rc2 35. Nc8 Nb4 36. Ne7+ Kf7 37. Rxa7 Rxa2 38. Rc7 Nd3 39. Kf3 Ke6 40. Nc8 Nxf2 41. Rxg7 Ng4 42. Re7+ Kd5 43. Rd7+ Kc6 44. Rf7 Rf2+ 45. Ke4 Re2+ 46. Kf3 Re3+ 47. Kg2 e4 48. Ne7+ Kd6 49. Rh7 Re2+ 50. Kg1 e3 51. Nf5+ Ke5 52. Rxh5 Ke4 53. Nd6+ Kf3 54. Rf5+ Kxg3 55. Ne4+ Kxh4 56. Nxf6 Nxf6 57. Rxf6 Re1+ 58. Kg2 Kg4 59. Rb6 e2 60. Rb4+ Kf5 61. Kf2 Ke5 1/2-1/2

[Event "Irish New Year Events-IM1 2020"]
[Site "Dublin"]
[Date "2020.01.06"]
[Round "9.10"]
[White "Venkatesan, Kavin"]
[Black "Baker, Chris W"]
[Result "1/2-1/2"]
[ECO "D07"]
[WhiteElo "1815"]
[BlackElo "2225"]
[Annotator "ChessBase"]
[PlyCount "37"]
[EventDate "2020.01.02"]
[EventType "tourn"]
[EventCountry "IRL"]
[SourceTitle "playchess.com"]
[Source "ChessBase"]
[SourceQuality "1"]
[TimeControl "40/5400+30:1800+30"]

1. d4 d5 2. c4 Nc6 3. e3 dxc4 4. Bxc4 e5 5. d5 Nce7 6. Nc3 Ng6 7. Nge2 Nf6 8. O-O Bd6 9. Ng3 O-O 10. e4 a6 11. a4 Kh8 12. b3 Qe7 13. Qc2 Nf4 14. f3 N6h5 15. Bxf4 Nxf4 16. Nce2 Qf6 17. Kh1 g6 18. Qb2 Kg7 19. Rae1 1/2-1/2